 Dungeon Crawl Stone Soup version 0.32-a0-893-gf85d74f360 (webtiles) character file.

Game seed: 3867131346834079487

1595 Biggs the Carver (level 8, 0/62 HPs)
             Began as a Coglin Gladiator on Apr 3, 2024.
             Succumbed to Edmund's poison
             ... on level 6 of the Dungeon.
             The game lasted 00:06:38 (4565 turns).

Biggs the Carver (Coglin Gladiator)                 Turns: 4565, Time: 00:06:39

Health: 0/62       AC:  9    Str: 14    XL:     8   Next: 93%
Magic:  8/8        EV: 14    Int:  8    God:
Gold:   293        SH:  0    Dex: 18    Spells: 7/7 levels left

rFire   . . .        g - +1 short sword (elec) {Akal}
rCold   . . .        j - +2 dagger (elec) {José}
rNeg    . . .        A - +0 steam dragon scales
rPois   .            t - +2 helmet
rElec   .            (no cloak)
rCorr   .            h - +0 pair of gloves
SInv    .            (no boots)
Will    .....        (amulet unavailable)
Stlth   ++           (ring unavailable)
HPRegen 0.30/turn    (ring unavailable)
MPRegen 0.11/turn    (no gizmo)

%: no passive effects
@: lethally poisoned (0 -> -25), revved
A: off-hand wielding, slow wielding, warmup strikes, no jewellery
a: Invent Gizmo


You were on level 6 of the Dungeon.
You visited 1 branch of the dungeon, and saw 6 of its levels.

You collected 293 gold pieces.

Inventory:

Hand Weapons
 a - a +0 long sword {Qiu}
 g - a +1 short sword of electrocution (weapon) {Akal}
 j - a +2 dagger of electrocution (offhand) {José}
Missiles
 d - 3 throwing nets (quivered)
 e - a javelin
Armour
 h - a +0 pair of gloves (worn)
 s - a +0 helmet of intelligence
 t - a +2 helmet (worn)
 A - +0 steam dragon scales (worn)
Wands
 b - a wand of quicksilver (10)
 w - a wand of digging (4)
 C - a wand of iceblast (8)
Scrolls
 f - a scroll of amnesia {unknown}
 i - a scroll of acquirement {unknown}
 k - 3 scrolls of teleportation {unknown}
 n - 3 scrolls of torment {unknown}
 o - 3 scrolls of identify {unknown}
 p - 2 scrolls of immolation {unknown}
 r - a scroll of fear {unknown}
 v - 2 scrolls of enchant weapon {unknown}
 x - a scroll of silence {unknown}
 y - a scroll of vulnerability {unknown}
Potions
 c - a potion of heal wounds {unknown}
 l - a potion of brilliance {unknown}
 m - 2 potions of cancellation {unknown}
 q - 2 potions of curing {unknown}
 u - 2 potions of lignification {unknown}
 z - a potion of magic {unknown}
 B - a potion of mutation {unknown}
 D - 2 potions of degeneration {unknown}


   Skills:
 + Level 5.3 Fighting
 - Level 9.0 Long Blades
 - Level 1.7 Throwing
 - Level 5.1 Dodging


You had 7 spell levels left.
You didn't know any spells.
Your spell library contained the following spells:

 Spells                   Type           Power      Damage    Failure   Level
 Magic Dart               Conj           0%         1d3       41%         1
 Summon Small Mammal      Summ           0%         N/A       41%         1
 Ensorcelled Hibernation  Hex/Ice        0%         N/A       54%         2
 Searing Ray              Conj           0%         2d4       54%         2
 Call Canine Familiar     Summ           0%         N/A       78%         3
 Fugue of the Fallen      Necr           0%         N/A       78%         3
 Hailstorm                Conj/Ice       0%         3d5       78%         3
 Passwall                 Erth           0%         N/A       78%         3
 Sigil of Binding         Hex            0%         N/A       78%         3
 Summon Ice Beast         Ice/Summ       0%         N/A       78%         3
 Swiftness                Air            0%         N/A       78%         3
 Anguish                  Hex/Necr       0%         N/A       99%         4
 Dimensional Bullseye     Hex/Tloc       0%         N/A       99%         4
 Fulminant Prism          Conj/Alch      0%         3d5       99%         4
 Summon Blazeheart Golem  Fire/Summ      0%         N/A       99%         4
 Alistair's Intoxication  Alch           0%         N/A       100%        5
 Borgnjor's Vile Clutch   Necr/Erth      0%         N/A       100%        5
 Eringya's Noxious Bog    Alch           0%         4d6       100%        6
 Permafrost Eruption      Ice/Erth       0%         2x4d1     100%        6
 Sculpt Simulacrum        Ice/Alch       0%         N/A       100%        6
 Orb of Destruction       Conj           0%         9d5       100%        7
 Spellforged Servitor     Conj/Summ      0%         N/A       100%        7


Dungeon Overview and Level Annotations

Branches:
Dungeon (6/15)
 Temple: D:4-7

Altars:
Ashenzari
Cheibriados
Hepliaklqana
Sif Muna
Wu Jian

Annotations:
D:6 Pikel


Innate Abilities, Weirdness & Mutations

You can wield a second weapon in your off-hand.
It takes a long time for you to wield or remove held weapons.
Your first few attacks do less damage.
You cannot equip rings or amulets.


Message History

You feel sick.
Edmund hits you with a +1 dire flail of venom.
You are more poisoned.
The adder bites you.
You are more poisoned.
The adder poisons you!
You hit Edmund with your +1 short sword of electrocution.
Edmund is almost dead.
You completely miss Edmund with your +2 dagger of electrocution.
You feel very sick.
Edmund hits you with a +1 dire flail of venom!
You are lethally poisoned!
The adder completely misses you.
You hit Edmund with your +2 dagger of electrocution.
Lightning courses through Edmund!!
You kill Edmund!
You feel extremely sick. The adder bites you but does no damage.
Your Fighting skill increases to level 5!
Unknown command.
You hit the adder with your +1 short sword of electrocution.
The adder is lightly wounded.
You closely miss the adder with your +2 dagger of electrocution.
You feel very sick.
Unknown command.
You hit the adder with your +1 short sword of electrocution.
Lightning courses through the adder!
You kill the adder!
* * * LOW HITPOINT WARNING * * *
You feel very sick.
Unknown command.
Unknown command.
You hit the jelly with your +2 dagger of electrocution.
Your graspers burn!
* * * LOW HITPOINT WARNING * * *
The jelly is lightly wounded.
You hit the jelly but do no damage. Lightning courses through the jelly!
Your graspers burn!
* * * LOW HITPOINT WARNING * * *
You die...

...........##........##......
...........#..#.....[# ......
..............#.....#
.........##.........#...
...###......(........!. ..
#..##......##...## ....
#....#..# ...
........###.##..... #.#
###.###.@J...... ...#
#†)....... ##.. ...........
#.^............
.......#..#.### ##..!.. ..###
....... ... ....... ....


You could see a jelly.

Vanquished Creatures
  Grinder (D:3)
  A steam dragon (D:5)
  Edmund (D:6)
  2 water moccasins
  2 black bears
  A centaur (D:6)
  2 phantoms (D:4)
  2 lemures (D:6)
  2 scorpions (D:5)
  A hound (D:6)
  A jelly (D:4)
  Terence (D:3)
  An iguana (D:5)
  2 sleepcaps
  3 orc wizards
  Robin (D:3)
  3 gnolls (D:6)
  4 adders
  4 dart slugs
  11 orcs
  9 ball pythons
  7 endoplasms
  6 giant cockroaches
  12 goblins
  5 hobgoblins
  7 jackals (D:1)
  8 kobolds
  3 quokkas
  3 bats
  2 frilled lizards (D:2)
  2 rats (D:1)
110 creatures vanquished.

Vanquished Creatures (others)
  An orc (D:5)
1 creature vanquished.

Grand Total: 111 creatures vanquished

Notes
Turn   | Place    | Note
-------+----------+-------------------------------------------
     0 | D:1      | Biggs the Coglin Gladiator began the quest for the Orb.
     0 | D:1      | Reached XP level 1. HP: 16/16 MP: 1/1
    19 | D:1      | Reached XP level 2. HP: 19/22 MP: 2/2
   181 | D:1      | Reached skill level 4 in Long Blades
   200 | D:1      | Reached XP level 3. HP: 27/27 MP: 3/3
  1485 | D:3      | Found a faded altar of an unknown god.
  1491 | D:3      | Reached XP level 4. HP: 32/33 MP: 4/4
  1680 | D:3      | Found an ornate altar of the Wu Jian Council.
  1885 | D:3      | Noticed Robin
  1893 | D:3      | Killed Robin
  1894 | D:3      | Reached skill level 5 in Long Blades
  2052 | D:3      | Reached XP level 5. HP: 38/38 MP: 5/5
  2128 | D:3      | Noticed Grinder
  2138 | D:3      | Killed Grinder
  2139 | D:3      | Reached skill level 7 in Long Blades
  2139 | D:3      | Reached XP level 6. HP: 10/44 MP: 6/6
  2351 | D:3      | Noticed Terence
  2359 | D:3      | Killed Terence
  2558 | D:4      | Noticed a water moccasin
  2561 | D:4      | Killed a water moccasin
  2562 | D:4      | Reached XP level 7. HP: 46/50 MP: 7/7
  2668 | D:4      | Reached skill level 8 in Long Blades
  2846 | D:4      | Found a snail-covered altar of Cheibriados.
  2928 | D:4      | Reached skill level 9 in Long Blades
  3229 | D:5      | Entered Level 5 of the Dungeon
  3367 | D:5      | Found a hazy altar of Hepliaklqana.
  3419 | D:5      | Reached XP level 8. HP: 45/56 MP: 8/8
  3499 | D:5      | Found a broken altar of Ashenzari.
  3921 | D:5      | Reached skill level 5 in Dodging
  4135 | D:5      | Found a shimmering blue altar of Sif Muna.
  4361 | D:6      | Noticed Pikel
  4553 | D:6      | Noticed Edmund
  4562 | D:6      | Killed Edmund
  4563 | D:6      | Reached skill level 5 in Fighting
  4565 | D:6      | Succumbed to Edmund's poison

Illustrated notes

Levels and vault maps discovered:
D:1:      minmay_arrival_up_and_down, layout_basic, minmay_pentomino_o4
D:2:      minmay_angry_zag, layout_loops_ring
D:3:      layout_loops_ring, lemuel_round_altar,
          hellmonk_ecumenical_altar_slurped_away, uniq_robin, uniq_terence,
          uniq_grinder
D:4:      cheibrodos_helix_gallery, layout_basic, lemuel_crystal_altar,
          nicolae_eternal_life, grunt_decor_cap
D:5:      layout_layer_cave, overflow_temple_1_default,
          nicolae_sif_muna_little_library, ashenzari_altar_1
D:6:      layout_cave_pools, dk_rats_in_the_wall, uniq_edmund, uniq_pikel

Skill      XL: |  1  2  3  4  5  6  7  8 |
---------------+-------------------------+-----
Long Blades    | 4 5 7 9 |  9.0
Dodging        | 3 5 |  5.1
Fighting       | 5 |  5.3
Throwing       | |  1.7

Action                     |  1- 3 |  4- 6 |  7- 9 || total
---------------------------+-------+-------+-------++-------
  Melee: Dagger            |    63 |    52 |   105 ||   220
         Long sword        |    17 |       |       ||    17
         Short sword       |    50 |    50 |   102 ||   202
   Stab: Sleeping          |     1 |       |       ||     1
 Armour: Leather armour    |    45 |       |       ||    45
         Ring mail         |       |    32 |    41 ||    73
         Steam dragon scal |       |       |    30 ||    30
  Dodge: Dodged            |    31 |    34 |    61 ||   126

Table legend: (Time is in decaauts)
 A = Elapsed time spent in this place.
 B = Non-inter-level travel time spent in this place.
 C = Inter-level travel time spent in this place.
 D = Time resting spent in this place.
 E = Time spent auto-exploring this place.
 F = Levels seen in this place.
 G = Mean time per level.
                   A        B        C        D        E       F      G
               +--------+--------+--------+--------+--------+-----+--------+
         Total |   4525 |   4367 |    158 |      0 |   3629 |   6 |  754.2 |
       Dungeon |   4525 |   4367 |    158 |      0 |   3629 |   6 |  754.2 |
               +--------+--------+--------+--------+--------+-----+--------+

Top non-repeatable levels by time:
     D:5: 987 daAuts
     D:3: 966 daAuts
     D:1: 821 daAuts
     D:4: 767 daAuts
     D:2: 653 daAuts
     D:6: 328 daAuts
